 Dungeon Crawl Stone Soup version 0.18.1-50-g88ac8fd (console) character file.

551 Kloppie the Spear-Bearer (level 7, -2/52 HPs)
             Began as a Merfolk Berserker on Oct 9, 2016.
             Was a Believer of Trog.
             Slain by Kloppie's ghost (6 damage)
             ... on level 5 of the Dungeon.
             The game lasted 00:05:33 (3169 turns).

Kloppie the Spear-Bearer (Merfolk Berserker)        Turns: 3169, Time: 00:05:34

Health: -2/52      AC:  9    Str: 17    XL:     7   Next: 29%
Magic:  7/7        EV: 10    Int:  7    God:    Trog [**....]
Gold:   212        SH:  0    Dex: 15    Spells: 0 memorised, 6 levels left

rFire  + . .     SeeInvis .     a - +0 trident
rCold  + . .     Gourm    +     l - +0 scale mail
rNeg   . . .     Faith    .     (no shield)
rPois  .         Spirit   .     t - +0 helmet
rElec  .         Dismiss  .     (no cloak)
rCorr  .         Reflect  .     n - +0 pair of gloves
SustAt .         Harm     .     (no boots)
MR     .....                    s - amulet of the gourmand
Stlth  ..........               g - ring of protection from fire
                                A - ring of protection from cold

@: exhausted, slowed, very slow, not resistant to hostile enchantments,
extremely unstealthy
A: change form in water, swift swim
a: Berserk, Trog's Hand, Burn Spellbooks, Renounce Religion


You were on level 5 of the Dungeon.
You worshipped Trog.
Trog was pleased with you.
You were very full.

You visited 1 branch of the dungeon, and saw 5 of its levels.

You collected 212 gold pieces.

Inventory:

Hand Weapons
 a - a +0 trident (weapon)
 o - a +0 spear
Armour
 l - a +0 scale mail (worn)
 n - a +0 pair of gloves (worn)
 t - a +0 helmet (worn)
Jewellery
 e - an uncursed ring of flight
 g - a ring of protection from fire (right hand)
 m - an uncursed ring of positive energy
 s - an amulet of the gourmand (around neck)
 A - a ring of protection from cold (left hand)
Wands
 p - a wand of paralysis (6/24)
Scrolls
 d - 4 scrolls of magic mapping {unknown}
 i - 4 scrolls of fear {unknown}
 j - a scroll of teleportation {unknown}
 r - 2 scrolls of blinking {unknown}
 u - a scroll of remove curse {unknown}
 w - 2 scrolls of noise {unknown}
 x - a scroll of enchant weapon {unknown}
 B - a scroll of recharging {unknown}
Potions
 h - a potion of flight
 k - a potion of heal wounds
 q - 2 potions of curing
 v - a potion of magic
 C - 2 potions of cancellation
Books
 y - a book of Clouds

   Spells                             Type                      Level
   a - Mephitic Cloud                 Conjuration/Poison/Air       3
   b - Conjure Flame                  Conjuration/Fire             3
   c - Poisonous Cloud                Conjuration/Poison/Air       6
   d - Freezing Cloud                 Conjuration/Ice/Air          6
   e - Ring of Flames                 Charms/Fire                  7
   Trog disapproves of the use of such an item.
Comestibles
 b - a beef jerky
 c - 3 bread rations
 f - 3 meat rations


   Skills:
 + Level 3.6 Fighting
 + Level 9.3 Polearms
 - Level 3.7 Armour
 - Level 2.6 Dodging


You had 6 spell levels left.
You didn't know any spells.

Dungeon Overview and Level Annotations

Branches:
Dungeon (5/15)
 Temple: D:4-7

Altars:
Ashenzari
Makhleb
Pakellas
Ru
Xom

Shops:
D:4 %

Annotations:
D:5 Kloppie's ghost, novice MfBe


Message History

You feel yourself moving faster!
You feel mighty!
You feel quite a bit less full. Kloppie's ghost hits you!
* * * LOW HITPOINT WARNING * * *
Your scale mail prevents you from hitting Kloppie's ghost.
Kloppie's ghost hits you!
* * * LOW HITPOINT WARNING * * *
You miss Kloppie's ghost. You miss Kloppie's ghost. Kloppie's ghost hits you!
* * * LOW HITPOINT WARNING * * *
You puncture Kloppie's ghost!
Kloppie's ghost is lightly damaged.
The orc barely misses you.
You feel a strong urge to attack something.
You feel your anger subside.
You are no longer berserk.
You are exhausted.
You feel yourself slow down. The orc barely misses you.
The orc hits you but does no damage. Kloppie's ghost hits you.
You die...

#. #...# ##. #....
..#########..#
............# #...........#
#.#.........# #...###.....#
#..........W###############
#$#####.###o@.....<........
#.# #.# #.##############.
#.# #.# #.# ###.#####.# #.#
........#.###.#
..............#
##.###.#.##### #.....#
#........#


You could see Kloppie's ghost and an orc.

Vanquished Creatures
  Menkaure (D:4)
  An ogre (D:4)
  A scorpion (D:5)
  A crimson imp (D:4)
  3 orc priests
  An orc wizard (D:3)
  2 worker ants (D:4)
  An adder (D:2)
  A shadow imp (D:3)
  3 worms
  A dart slug (D:3)
  A giant gecko (D:1)
  13 orcs
  A giant cockroach (D:1)
  8 goblins
  4 hobgoblins
  3 jackals (D:3)
  5 kobolds
  A quokka (D:5)
  3 ball pythons
  5 bats
  7 giant newts
  5 rats
72 creatures vanquished.

Notes
Turn   | Place    | Note
--------------------------------------------------------------
     0 | D:1      | Kloppie the Merfolk Berserker began the quest for the Orb.
     0 | D:1      | Reached XP level 1. HP: 18/18 MP: 1/1
   276 | D:1      | Reached skill level 5 in Polearms
   300 | D:1      | Reached XP level 2. HP: 23/24 MP: 2/2
  1006 | D:2      | Reached ** piety under Trog
  1062 | D:2      | Reached XP level 3. HP: 23/29 MP: 3/3
  1068 | D:2      | Reached skill level 6 in Polearms
  1205 | D:2      | Found an oddly glowing altar of Pakellas.
  1629 | D:3      | Reached XP level 4. HP: 29/35 MP: 4/4
  1741 | D:3      | Found a shimmering altar of Xom.
  1834 | D:3      | Found a shattered altar of Ashenzari.
  2215 | D:3      | Reached skill level 7 in Polearms
  2215 | D:3      | Reached XP level 5. HP: 41/41 MP: 5/5
  2408 | D:4      | Found a burning altar of Makhleb.
  2417 | D:4      | Reached *** piety under Trog
  2488 | D:4      | Noticed an ogre
  2490 | D:4      | Noticed Menkaure
  2498 | D:4      | Killed an ogre
  2498 | D:4      | Reached skill level 8 in Polearms
  2498 | D:4      | Reached XP level 6. HP: 16/47 MP: 6/6
  2501 | D:4      | Killed Menkaure
  2671 | D:4      | Found Xiudd's Food Shoppe.
  2689 | D:4      | Reached skill level 9 in Polearms
  2689 | D:4      | Reached XP level 7. HP: 52/52 MP: 7/7
  2946 | D:4      | Found a sacrificial altar of Ru.
  3061 | D:5      | Entered Level 5 of the Dungeon
  3152 | D:5      | Noticed Kloppie's ghost (novice MfBe)
  3157 | D:5      | HP: 1/78 [Kloppie's ghost (14)]
  3169 | D:5      | Slain by Kloppie's ghost

Skill      XL: |  1  2  3  4  5  6 |
---------------+-------------------+-----
Polearms       | 5 6 7 8 9 |  9.3
Armour         | 2 3 |  3.7
Fighting       | |  3.6
Dodging        | |  2.6

Action                   |  1- 3 |  4- 6 |  7- 9 || total
-------------------------+-------+-------+-------++-------
Melee: Spear             |   142 |    25 |       ||   167
       Trident           |       |    87 |    37 ||   124
Invok: Berserk           |     3 |     4 |     2 ||     9
       Trog's Hand       |       |     3 |       ||     3
  Use: Scroll            |       |       |     6 ||     6
 Stab: Sleeping          |     4 |       |       ||     4
  Eat: Chunk             |     5 |    19 |     3 ||    27
Armor: Animal skin       |     4 |       |       ||     4
       Scale mail        |    18 |    35 |    13 ||    66
Dodge: Dodged            |    59 |    34 |    10 ||   103
